 Dungeon Crawl Stone Soup version 0.29-a0-275-g389c0b56f3 (webtiles) character file.

Game seed: 16351732101717094384

18 Murumi the Skirmisher (level 2, -1/31 HPs)
             Began as an Ogre Gladiator on Mar 12, 2022.
             Slain by a kobold
             ... wielding a +0 short sword
              (3 damage)
             ... on level 1 of the Dungeon.
             The game lasted 00:01:46 (359 turns).

Murumi the Skirmisher (Ogre Gladiator)               Turns: 359, Time: 00:01:46

Health: -1/31      AC:  3    Str: 17    XL:     2   Next: 70%
Magic:  2/2        EV: 10    Int:  9    God:
Gold:   25         SH:  0    Dex: 10    Spells: 1/1 levels left

rFire   . . .      SeeInvis .   a - +0 flail
rCold   . . .      Faith    .   (no shield)
rNeg    . . .      Spirit   .   b - +0 robe
rPois   .          Reflect  .   c - +0 hat
rElec   .          Harm     .   (no cloak)
rCorr   .          Rampage  .   (gloves unavailable)
Will    .....                   (boots unavailable)
Stlth   +.........              (no amulet)
HPRegen 0.10/turn               (no ring)
MPRegen 0.08/turn               (no ring)

@: mighty
A: large, unfitting armour, tough skin 1
a: no special abilities


You were on level 1 of the Dungeon.
You visited 1 branch of the dungeon, and saw 1 of its levels.

You collected 25 gold pieces.

Inventory:

Hand Weapons
 a - a +0 flail (weapon)
Missiles
 d - 3 throwing nets (quivered)
 e - a large rock
 f - 3 poisoned darts
 i - 5 stones
Armour
 b - a +0 robe (worn)
 c - a +0 hat (worn)
Potions
 h - a potion of flight {unknown}


   Skills:
 + Level 3.4 Fighting
 - Level 3.0 Maces & Flails
 - Level 2.0 Throwing
 - Level 3.0 Dodging


You had one spell level left.
You didn't know any spells.
Your spell library contained the following spells:

 Spells                   Type           Power      Damage    Failure   Level
 Dazzling Flash           Conj/Hex       0%         N/A       77%         3
 Iskenderun's Mystic Bla  Conj/Tloc      0%         2d3       99%         4
 Starburst                Conj/Fire      0%         6d3       100%        6


Dungeon Overview and Level Annotations

Branches:
Dungeon (1/15)

Altars:

Annotations:
D:1 1 runed translucent door


Innate Abilities, Weirdness & Mutations

You are too large for most types of armour.
You have tough skin. (AC +1)


Message History

You hit the dart slug.
The dart slug is lightly wounded.
The dart slug barely misses you.
You hit the dart slug.
The dart slug is moderately wounded.
The dart slug bites you but does no damage.
You hit the dart slug.
The dart slug is severely wounded.
The dart slug bites you.
You hit the dart slug.
You kill the dart slug!
You closely miss the kobold.
The kobold hits you with a +0 short sword.
You closely miss the kobold. The kobold hits you but does no damage.
You completely miss the kobold. Your punch misses the kobold.
The kobold hits you with a +0 short sword.
The endoplasm jiggles.
The kobold closely misses you.
You are too injured to fight recklessly!
You closely miss the kobold. The kobold completely misses you.
You hit the kobold but do no damage.
The kobold hits you with a +0 short sword.
You barely miss the kobold. The kobold hits you but does no damage.
You hit the kobold but do no damage.
The kobold hits you with a +0 short sword.
* * * LOW HITPOINT WARNING * * *
The kobold hits you with a +0 short sword.
* * * LOW HITPOINT WARNING * * *
You closely miss the kobold. The kobold barely misses you.
You closely miss the kobold. The kobold closely misses you.
You closely miss the kobold. The kobold hits you but does no damage.
You hit the kobold but do no damage.
The kobold hits you with a +0 short sword.
* * * LOW HITPOINT WARNING * * *
The kobold hits you with a +0 short sword.
* * * LOW HITPOINT WARNING * * *
It was a potion of might.
You feel very mighty all of a sudden.
The kobold hits you with a +0 short sword.
You die...

.... .... #..#
#..# #..# ..
...###..###..##
#.....J..[.... #K#
#..## #@# #....
#.###...#
#..##...#
##.##...# #.##...#
#.##...####.#
###.##........# #
####.....)..######
.# #.......###.#


You could see an endoplasm and a kobold.

Vanquished Creatures
  A dart slug (D:1)
  2 bats (D:1)
  2 endoplasms (D:1)
  A goblin (D:1)
  2 hobgoblins (D:1)
  3 ball pythons (D:1)
  4 frilled lizards (D:1)
  2 kobolds (D:1)
17 creatures vanquished.

Notes
Turn   | Place    | Note
-------+----------+-------------------------------------------
     0 | D:1      | Murumi the Ogre Gladiator began the quest for the Orb.
     0 | D:1      | Reached XP level 1. HP: 22/22 MP: 1/1
     6 | D:1      | Found a runed translucent door.
    67 | D:1      | Reached XP level 2. HP: 21/31 MP: 2/2
   358 | D:1      | HP: 1/31 [kobold/+0 short sword (3)]
   359 | D:1      | Slain by a kobold

Illustrated notes

Levels and vault maps discovered:
D:1:      dpeg_arrival_caged_fury, layout_loops_ring,
          amcnicky_mini_corridor_feature, minivault_27, minmay_tetromino_o2

Skill      XL: |  1  2 |
---------------+-------+-----
Fighting       | 3 |  3.4
Maces & Flails | 3 |  3.0
Dodging        | 3 |  3.0
Throwing       | |  2.0

Action                   || total
-------------------------++-------
Melee: Flail             ||    65
  Use: Potion            ||     1
 Stab: Sleeping          ||     1
Armor: Robe              ||    16
Dodge: Dodged            ||    37

Table legend: (Time is in decaauts)
 A = Elapsed time spent in this place.
 B = Non-inter-level travel time spent in this place.
 C = Inter-level travel time spent in this place.
 D = Time resting spent in this place.
 E = Time spent auto-exploring this place.
 F = Levels seen in this place.
 G = Mean time per level.
                   A        B        C        D        E       F      G
               +--------+--------+--------+--------+--------+-----+--------+
         Total |    375 |    375 |      0 |      0 |    241 |   1 |  375.0 |
       Dungeon |    375 |    375 |      0 |      0 |    241 |   1 |  375.0 |
               +--------+--------+--------+--------+--------+-----+--------+

Top non-repeatable levels by time:
     D:1: 375 daAuts
